 Dungeon Crawl Stone Soup version 0.25.1-2-g60ff931df9 (webtiles) character file.

Game seed: 12179679438954672150

101 Luthien the Conjurer (level 4, -4/24 HPs)
             Began as a Deep Elf Conjurer on Sept 11, 2020.
             Slain by an orc priest
             ... wielding a cursed +0 short sword
              (8 damage)
             ... on level 2 of the Dungeon.
             The game lasted 00:03:11 (1223 turns).

Luthien the Conjurer (Deep Elf Conjurer)            Turns: 1223, Time: 00:03:11

Health: -4/24      AC:  5    Str:  5    XL:     4   Next: 48%
Magic:  1/12       EV: 13    Int: 21    God:
Gold:   43         SH:  0    Dex: 15    Spells: 9/12 levels left

rFire    . . .     SeeInvis .   n - +0 dagger
rCold    . . .     Gourm    .   (no shield)
rNeg     . . .     Faith    .   a - +0 robe
rPois    .         Spirit   .   (no helmet)
rElec    .         Reflect  .   p - +2 cloak
rCorr    .         Harm     .   (no gloves)
MR       .....                  (no boots)
Stlth    ++........             (no amulet)
HPRegen  0.08/turn              (no ring)
MPRegen  0.13/turn              (no ring)

@: slowed, very slow
A: no striking features
a: no special abilities


You were on level 2 of the Dungeon.
You were not hungry.

You visited 1 branch of the dungeon, and saw 2 of its levels.

You collected 43 gold pieces.

Inventory:

Hand Weapons
 e - a +0 club
 n - a +0 dagger (weapon)
Missiles
 j - 40 sling bullets
 k - 26 stones (quivered)
 o - 33 bolts
Armour
 a - a +0 robe (worn)
 d - a +0 robe
 p - a +2 cloak (worn)
Scrolls
 b - 2 scrolls of fog {unknown}
 h - a scroll of noise {unknown}
 i - a scroll of magic mapping {unknown}
 m - a scroll of remove curse {unknown}
Potions
 f - a potion of heal wounds {unknown}
 l - a potion of curing {unknown}
Comestibles
 c - 2 rations
 g - a chunk of flesh


   Skills:
 - Level 3.0 Dodging
 - Level 3.1 Stealth
 + Level 4.6 Spellcasting
 + Level 5.3 Conjurations


You had 9 spell levels left.
You knew the following spells:

 Your Spells              Type           Power        Failure   Level  Hunger
a - Magic Dart            Conj           ####         1%          1    None
b - Searing Ray           Conj           ####..       1%          2    #......

Your spell library contained the following spells:

 Spells                   Type           Power        Failure   Level  Hunger
 Dazzling Flash           Conj/Hex       ###...       12%         3    ##.....
 Fulminant Prism          Conj/Hex       ###.......   36%         4    ####...
 Iskenderun's Mystic Bla  Conj/Tloc      ###.....     36%         4    ####...


Dungeon Overview and Level Annotations

Branches:
Dungeon (2/15)

Altars:


Message History

You have reached level 4!
You feel clever.
You feel a bit more experienced. (Press . to maintain the ray.)
The orc wizard hits you with a +0 dagger.
* * * LOW HITPOINT WARNING * * *
The orc wizard points at you and mumbles some strange words.
The magic dart hits you.
* * * LOW HITPOINT WARNING * * *
Unknown command.
The searing ray hits the orc wizard!
You kill the orc wizard!
The searing ray hits the orc priest!
The orc priest is severely wounded.
Unknown command.
Unknown command.
The searing ray misses the orc priest.
The searing ray misses the orc.
The orc priest barely misses you.
The orc priest hits you with a cursed +0 short sword!
You die...

#.....# ###.#.#
##########÷#.#
#..........#.# ##
#.##########.# ##.
#.# #.# #.. ###
#.# #.# #.#
#........ #.# #.#
#.##..8...8o. #.#
#@####.#$.....o...
#.#
#.oo...#⌠....o.o..
#.#
####)..#$.........
#.# #.#.# .8...8..
#.# #.#.##
...o.).. #.#
#.#..#########)
#.#
#..#.o.....o.o.
#.#
##.############
#.# #.#


You could see an orc priest and an orc.

Vanquished Creatures
  2 orc wizards (D:2)
  An adder (D:2)
  A dart slug (D:1)
  A leopard gecko (D:1)
  2 orcs (D:2)
  A ball python (D:1)
  4 bats (D:1)
  A giant cockroach (D:1)
  6 goblins
  5 hobgoblins (D:1)
  2 jackals (D:1)
  A kobold (D:1)
  4 frilled lizards (D:1)
  3 rats (D:1)
34 creatures vanquished.

Notes
Turn   | Place    | Note
-------+----------+-------------------------------------------
     0 | D:1      | Luthien the Deep Elf Conjurer began the quest for the Orb.
     0 | D:1      | Reached XP level 1. HP: 10/10 MP: 6/6
   225 | D:1      | Reached XP level 2. HP: 15/15 MP: 5/8
   229 | D:1      | Learned a level 2 spell: Searing Ray
   879 | D:1      | Reached XP level 3. HP: 19/19 MP: 7/10
  1220 | D:2      | Reached skill level 5 in Conjurations
  1220 | D:2      | Reached XP level 4. HP: 8/24 MP: 2/12
  1223 | D:2      | Slain by an orc priest

Illustrated notes

Levels and vault maps discovered:
D:1:      psy_arrival_fountain, layout_loops_cross, minmay_misc_feat_rugged,
          minivault_14
D:2:      cheibrodos_pilgrimage, layout_basic, feat_on_display

Skill      XL: |  1  2  3 |
---------------+----------+-----
Stealth        | 3 |  3.1
Dodging        | 3 |  3.0
Spellcasting   | 4 |  4.6
Conjurations   | 5 |  5.3

Action                   |  1- 3 |  4- 6 || total
-------------------------+-------+-------++-------
 Cast: Magic Dart        |    41 |       ||    41
       Searing Ray       |     6 |     1 ||     7
  Eat: Chunk             |     1 |       ||     1
Armor: Robe              |     1 |       ||     1
Dodge: Dodged            |       |     1 ||     1
